[Event "Late-Titled-Tuesday-Blitz-July-09-2024"]
[Site "Chess.com"]
[Date "2024.07.09"]
[Round "10"]
[White "SimplyDevina"]
[Black "WPWPWP-2015"]
[Result "0-1"]
[WhiteElo "2389"]
[BlackElo "2529"]
[TimeControl "180+1"]
[EndTime "15:53:41 PDT"]
[Termination "WPWPWP-2015 won on time"]

1. d4 Nf6 2. c4 e6 3. Nc3 Bb4 4. Nf3 O-O 5. Qc2 d5 6. cxd5 Qxd5 7. Bd2 Bxc3 8. bxc3 c5 9. c4 Qd6 10. e4 Qc7 11. e5 Nfd7 12. Ng5 g6 13. f4 cxd4 14. Bd3 Nxe5 15. fxe5 Qxe5+ 16. Kd1 Nc6 17. h4 Qg3 18. Kc1 Ne5 19. Rh3 Nxd3+ 20. Qxd3 Qxd3 21.
Rxd3 e5 22. Kb2 b6 23. Re1 f6 24. Ne4 Ba6 25. Kb3 Rac8 26. Nd6 Rc6 27. Bb4 Rd8 28. Nb5 Kg7 29. a4 Rdc8 30. Rc1 Ra8 31. g4 Bc8 32.
Na3 Bxg4 33. c5 Bf5 34. Rd2 Rac8 35. Re1 bxc5 36. Ba5 c4+ 37. Ka2 c3 38. Rdd1 Be6+ 39. Ka1 Ra6 40. Bb4 Rxa4 41. Be7 Kf7 42. Bd6 Ra6 43. Bb4 Rc4 44. Rb1 Rxb4 45. Rxb4 Rxa3+ 46.
Kb1 Bf5+ 47. Kc1 Ra1+ 0-1

[Event "Late-Titled-Tuesday-Blitz-July-09-2024"]
[Site "Chess.com"]
[Date "2024.07.09"]
[Round "10"]
[White "Itay121"]
[Black "GoltsevDmitry2000"]
[Result "0-1"]
[WhiteElo "2541"]
[BlackElo "2784"]
[TimeControl "180+1"]
[EndTime "15:53:43 PDT"]
[Termination "GoltsevDmitry2000 won by resignation"]

1. e4 e6 2. d4 d5 3. Nd2 c5 4.
Ngf3 Nf6 5. exd5 exd5 6. c3 Nc6 7. Bd3 Bd6 8. dxc5 Bxc5 9. O-O O-O 10. Nb3 Bb6 11.
Bg5 Bg4 12. Be2 Re8 13. Nfd4 Bxe2 14. Nxe2 Qd6 15. Bf4 Qd7 16. Ned4 Ne4 17. Re1 Re6 18. f3 Rf6 19. Be3 Nd6 20. Nxc6 bxc6 21. Bxb6 axb6 22. Qd4 Nc4 23. Re2 Re6 24. Qd3 Rxe2 25. Qxe2 Re8 26. Qf2 h6 27. a3 c5 28. Rb1 Qf5 29. Rd1 Re5 30. Nc1 Qb1 31. Re1 Qxb2 32. Qxb2 Rxe1+ 33. Kf2 Nxb2 34. Kxe1 Nc4 35. a4 Nb2 36. a5 bxa5 37.
Nb3 Nd3+ 38. Kd2 a4 39. Na1 c4 40. Nc2 f6 41. Ke3 Kf7 42. Kd4 Ke6 43. g3 Kd6 44. Na3 Ne1 45. Ke3 Kc5 46. Kd2 Nxf3+ 47. Ke3 Nxh2 48.
Nc2 Nf1+ 49. Kf2 Nd2 50. Nd4 Ne4+ 51. Ke3 Nxc3 52. Ne6+ Kb4 53. Nxg7 a3 0-1

[Event "Late-Titled-Tuesday-Blitz-July-09-2024"]
[Site "Chess.com"]
[Date "2024.07.09"]
[Round "10"]
[White "Kirill_Klukin"]
[Black "KaydenTroffChess"]
[Result "1-0"]
[WhiteElo "2922"]
[BlackElo "2871"]
[TimeControl "180+1"]
[EndTime "15:53:44 PDT"]
[Termination "Kirill_Klukin won on time"]

1. d4 Nf6 2. Nf3 g6 3. e3 Bg7 4. Be2 O-O 5. O-O d5 6. b4 a5 7. b5 c5 8. bxc6 bxc6 9. Bb2 Ne4 10. Nbd2 c5 11. c4 cxd4 12. Nxd4 Nxd2 13. Qxd2 dxc4 14.
Bxc4 Ba6 15. Bxa6 Nxa6 16. Rfd1 Nc5 17. Rac1 Ne4 18. Qe2 Qb6 19. Ba3 Rfc8 20. Qf3 Nd6 21. Nc6 Bf8 22. Bxd6 exd6 23. Qd5 a4 24. h4 h5 25. g3 Re8 26. Rb1 Qc5 27. Qf3 Bg7 28.
Rb7 Rf8 29. Ne7+ Kh7 30. Rd5 Qc2 31. Rxh5+ Bh6 32. Nf5 Kg8 33. Nxh6+ Kg7 34. Nf5+ Kg8 35. Ne7+ Kg7 36. Nxg6 1-0

[Event "Late-Titled-Tuesday-Blitz-July-09-2024"]
[Site "Chess.com"]
[Date "2024.07.09"]
[Round "10"]
[White "Kostukov_Alex"]
[Black "protectiago"]
[Result "1-0"]
[WhiteElo "2335"]
[BlackElo "2168"]
[TimeControl "180+1"]
[EndTime "15:53:44 PDT"]
[Termination "Kostukov_Alex won by resignation"]

1. g3 c5 2. Bg2 Nc6 3. c4 g6 4. Nf3 Bg7 5. O-O e5 6. Nc3 Nge7 7. d3 d6 8. a3 a5 9. Ne1 Be6 10. Nd5 O-O 11. Nc2 Rb8 12. Nce3 b5 13. cxb5 Rxb5 14.
Qa4 Nd4 15. Nxe7+ Qxe7 16. Re1 Bb3 17. Nd5 Qa7 18. Qxb5 Nxb5 19. Bd2 Nd4 20. Rac1 Rb8 21. Bc3 Nb5 22. Bd2 Bxd5 23. Bxd5 Nc7 24. Bg2 Rxb2 25. Bc3 Rb3 26. a4 f5 27. e3 d5 28. d4 exd4 29.
exd4 cxd4 30. Ba1 d3 31. Re7 Bxa1 32. Rcxc7 Qxc7 33. Rxc7 d2 34. Bxd5+ Kf8 35. Bxb3 Bb2 36. Kf1 Bc1 37. Ke2 1-0

[Event "Late-Titled-Tuesday-Blitz-July-09-2024"]
[Site "Chess.com"]
[Date "2024.07.09"]
[Round "10"]
[White "vi_pranav"]
[Black "mac0504"]
[Result "0-1"]
[WhiteElo "2968"]
[BlackElo "2787"]
[TimeControl "180+1"]
[EndTime "15:53:45 PDT"]
[Termination "mac0504 won by resignation"]

1. Nf3 Nf6 2. g3 g6 3. Bg2 Bg7 4. O-O O-O 5. c4 d6 6. Nc3 e5 7.
d3 Nc6 8. Rb1 a5 9. b3 h6 10. h3 Kh7 11. e3 Bd7 12. d4 exd4 13. exd4 Qc8 14. Kh2 Re8 15. Be3 Bf5 16. Rb2 Ne4 17.
Nd5 Nb4 18. g4 Bd7 19. Qc1 Nd3 20. Qb1 Nxb2 21. Qxb2 Bc6 22. Nf4 Ng5 23. Nxg5+ hxg5 24. Nd5 f5 25. gxf5 Qxf5 26. Nxc7 Bxg2 27. Kxg2 Rf8 28. Nxa8 Qf3+ 29. Kh2 g4 30. hxg4 Rh8 31. Bh6 Kxh6 32. Qd2+ Kh7 0-1

[Event "Late-Titled-Tuesday-Blitz-July-09-2024"]
[Site "Chess.com"]
[Date "2024.07.09"]
[Round "10"]
[White "brm72"]
[Black "GilbertoHernandezAmura"]
[Result "0-1"]
[WhiteElo "2639"]
[BlackElo "2533"]
[TimeControl "180+1"]
[EndTime "15:53:46 PDT"]
[Termination "GilbertoHernandezAmura won by checkmate"]

1. e4 e5 2. Nf3 Nc6 3. d4 exd4 4. Nxd4 Nf6 5. Nc3 Bb4 6. Nxc6 bxc6 7. Bd3 d5 8. exd5 cxd5 9. O-O O-O 10. h3 h6 11. Qf3 Bb7 12. Ne2 c5 13. Rd1 Qe7 14.
Ng3 d4 15. Qf4 Nd5 16. Qg4 Kh8 17. Nh5 Rg8 18. Bd2 Bxd2 19. Rxd2 Nf6 20. Qf5 Be4 21. Bxe4 Qxe4 22. Qxc5 Rac8 23. Qa5 Rxc2 24. Ng3 Qc6 25. Rxd4 Rxb2 26. Qxa7 Qc2 27. Rf4 Rf8 28. a4 Nd5 29. Rxf7 Rxf7 30. Qxf7 Nf6 31. Qa7 h5 32. Qe3 h4 33.
Nf1 Ne4 34. f3 Qxg2# 0-1

[Event "Late-Titled-Tuesday-Blitz-July-09-2024"]
[Site "Chess.com"]
[Date "2024.07.09"]
[Round "10"]
[White "SpeedofLight0"]
[Black "alexrustemov"]
[Result "1-0"]
[WhiteElo "3120"]
[BlackElo "2874"]
[TimeControl "180+1"]
[EndTime "15:53:51 PDT"]
[Termination "SpeedofLight0 won on time"]

1. d4 d5 2. Nc3 Nf6 3. Bf4 a6 4. e3 c5 5. Nf3 cxd4 6. exd4 Nc6 7. Ne5 e6 8. Nxc6 bxc6 9. Bd3 Bd6 10. Bxd6 Qxd6 11. O-O O-O 12. Na4 a5 13. c4 Ba6 14.
Rc1 Rfb8 15. b3 Nd7 16. Qe2 dxc4 17. Bxc4 Bxc4 18. Qxc4 Nb6 19. Qc5 Qxc5 20. Nxc5 a4 21. b4 a3 22. Nd3 Nd5 23. Rc4 g6 24. Rb1 Rb6 25. Rb3 Ra4 26. g3 Kg7 27. h4 h6 28.
Kf1 g5 29. hxg5 hxg5 30. Ke2 f6 31. Nc5 Raxb4 32. Rcxb4 Rxb4 33. Rxa3 Rb2+ 34. Kf3 f5 35. Nxe6+ Kf6 36. Nd8 g4+ 37. Kg2 Rc2 38. Ra6 Ne3+ 39.
Kg1 Rc1+ 40. Kh2 Nf1+ 41. Kg2 Ke7 42. Nxc6+ Kd6 43. Nb4+ Kd7 44. Nd3 Ra1 45. Ne5+ Ke7 46. d5 Nd2 47. d6+ Ke6 48. d7+ Ke7 49. Ra8 Nf3 50.
d8=Q+ 1-0

[Event "Late-Titled-Tuesday-Blitz-July-09-2024"]
[Site "Chess.com"]
[Date "2024.07.09"]
[Round "10"]
[White "Alexander_Khlebovich"]
[Black "i_like_explosions"]
[Result "0-1"]
[WhiteElo "2763"]
[BlackElo "2567"]
[TimeControl "180+1"]
[EndTime "15:53:51 PDT"]
[Termination "i_like_explosions won by resignation"]

1. e4 c5 2. c3 d5 3. exd5 Qxd5 4. Nf3 Nc6 5. d4 Bg4 6. Be2 e6 7. h3 Bh5 8. c4 Qd7 9. g4 Bg6 10. d5 exd5 11. cxd5 Nb4 12. Nc3 O-O-O 13. Ne5 Qc7 14. Bf4 Qa5 15. Nc4 Qa6 16. Nd6+ Bxd6 17. Bxa6 Bxf4 18.
Be2 Bc2 19. a3 Bxd1 20. Rxd1 Nc2+ 21. Kf1 Nd4 22. Bc4 Nf6 23. b4 b6 24. bxc5 bxc5 25. Kg2 Nd7 26. Ne4 Rhe8 27. f3 Kc7 28. Nxc5 Nxc5 29. Rxd4 Bd6 30. Rd2 Re3 31. Rc1 Rxa3 32. Bb5 Rb8 33. Be2 Rab3 34. Ra2 Rb2 35. Rxa7+ Kb6 36.
Rxf7 Rxe2+ 37. Kf1 Re7 38. Rf5 g6 39. Rf6 Kc7 40.
Ra1 Rbe8 41. h4 Nb7 42. h5 gxh5 43. gxh5 Re5 44. Rc1+ Kd7 45. Rb1 Nc5 46. Rb6 Rxd5 47. h6 Re6 48. Rb7+ Nxb7 0-1

[Event "Late-Titled-Tuesday-Blitz-July-09-2024"]
[Site "Chess.com"]
[Date "2024.07.09"]
[Round "10"]
[White "ChessLover0108"]
[Black "champ2005"]
[Result "1-0"]
[WhiteElo "2964"]
[BlackElo "3040"]
[TimeControl "180+1"]
[EndTime "15:53:52 PDT"]
[Termination "ChessLover0108 won by checkmate"]

1. Nf3 Nf6 2. d4 b6 3. g3 Bb7 4. Bg2 e6 5. c4 Be7 6. O-O O-O 7. Re1 a5 8. a3 d6 9. d5 e5 10. Nc3 Na6 11. Rb1 Nd7 12. b4 axb4 13. axb4 f5 14. e4 f4 15. gxf4 exf4 16. Nd4 Ne5 17.
Ne6 Qd7 18. Bxf4 Nxc4 19. Nxf8 Rxf8 20. Bg3 Bf6 21. Ne2 Qb5 22. Nd4 Qe8 23. Ne6 Rf7 24.
f4 Be7 25. Kh1 b5 26. f5 Bf6 27. Bf3 Re7 28. Rg1 Kh8 29. Bf4 c6 30. Bg5 Bxg5 31.
Rxg5 cxd5 32. exd5 Ne5 33. Bg2 Rf7 34. Qh5 Qe7 35.
Rg1 Nxb4 36. Be4 Nxd5 37. Rxg7 Rxg7 38. Rxg7 Nf6 39. Rxe7 Bxe4+ 40. Kg1 Nxh5 41. Re8# 1-0

[Event "Late-Titled-Tuesday-Blitz-July-09-2024"]
[Site "Chess.com"]
[Date "2024.07.09"]
[Round "10"]
[White "nitpicker"]
[Black "Navyblue1"]
[Result "0-1"]
[WhiteElo "2284"]
[BlackElo "2138"]
[TimeControl "180+1"]
[EndTime "15:53:53 PDT"]
[Termination "Navyblue1 won on time"]

1. d4 Nf6 2. c4 g6 3. Nc3 Bg7 4. e4 d6 5. Be2 O-O 6. Nf3 Qe8 7. O-O e5 8. d5 a5 9. Ne1 Na6 10. Nd3 Nd7 11. Be3 f5 12. f3 Nac5 13. Nxc5 Nxc5 14.
a3 Bd7 15. b4 axb4 16. axb4 Na6 17. Qb3 Qf7 18. c5 f4 19. Bf2 g5 20. c6 bxc6 21.
Rxa6 Rxa6 22. Bxa6 Ra8 23. Bb7 Rb8 24. Ba6 cxd5 25. exd5 g4 26. Ne4 gxf3 27. Qxf3 Bf5 28. b5 Qg6 29. Nd2 Bh6 30. Re1 Re8 31. Ne4 Kh8 32.
Bb7 Rg8 33. Bc6 Bg4 34. Qd3 f3 35. g3 Qh5 36. Qc3 Qh3 0-1

[Event "Late-Titled-Tuesday-Blitz-July-09-2024"]
[Site "Chess.com"]
[Date "2024.07.09"]
[Round "10"]
[White "eightbyeightchess"]
[Black "FuenfgegenWilly"]
[Result "0-1"]
[WhiteElo "2382"]
[BlackElo "2531"]
[TimeControl "180+1"]
[EndTime "15:53:54 PDT"]
[Termination "FuenfgegenWilly won by checkmate"]

1. e4 c6 2. d4 g6 3. c4 Bg7 4.
Nc3 a6 5. Nf3 b5 6. cxb5 cxb5 7.
a3 Bb7 8. Bf4 Nf6 9. Bd3 d5 10.
e5 Ne4 11. e6 fxe6 12. Bxe4 dxe4 13. Ng5 Qxd4 14. Qxd4 Bxd4 15. Nxe6 Bb6 16. Bc7 Kd7 17.
Bxb6 Kxe6 18. O-O-O Nd7 19. Bd4 Nf6 20. Rhe1 Rac8 21.
Kb1 Kf5 22. f3 e5 23. fxe4+ Nxe4 24. g4+ Kf4 25. Rf1+ Kxg4 26. Bxe5 Nxc3+ 27. bxc3 Rhe8 28. Rd4+ Kh5 29. Bf6 Be4+ 30. Kb2 g5 31. Rg1 h6 32. h4 g4 33. Re1 Bf3 34. Rf1 Rc6 35. Bg7 Rg6 36. Rd7 Re2+ 37. Kb3 Kxh4 38. Bd4 h5 39.
Rh7 Bd5+ 40. Kb4 Rb2+ 41. Kc5 Bg2 42. Rg1 Rc6# 0-1

[Event "Late-Titled-Tuesday-Blitz-July-09-2024"]
[Site "Chess.com"]
[Date "2024.07.09"]
[Round "10"]
[White "OparinGrigoriy"]
[Black "FabianoCaruana"]
[Result "0-1"]
[WhiteElo "3022"]
[BlackElo "3180"]
[TimeControl "180+1"]
[EndTime "15:53:56 PDT"]
[Termination "FabianoCaruana won by checkmate"]

1. Nc3 d6 2. d4 g6 3. e4 Bg7 4. f4 a6 5. Nf3 b5 6. Bd3 Nd7 7. O-O c5 8. dxc5 Nxc5 9. Be3 Bb7 10. a3 Qc7 11. Qe2 Nf6 12. Bf2 O-O 13. Rae1 Rac8 14. Kh1 Rfe8 15. e5 dxe5 16. fxe5 Nfd7 17. Bg3 e6 18. Ng5 Rf8 19. Qg4 Nxd3 20. cxd3 h6 21. Nge4 Nxe5 22. Qh4 f5 23. d4 fxe4 24. Bxe5 Qc4 25.
Rg1 Bxe5 26. dxe5 Kg7 27. Nxe4 Rf7 28. b3 Qd4 29. Qg4 h5 30. Qe2 Qxe5 31. Nf2 Qxe2 32.
Rxe2 Bd5 33. b4 Rc3 34. h3 Rxf2 35. Rxf2 Rxh3# 0-1

[Event "Late-Titled-Tuesday-Blitz-July-09-2024"]
[Site "Chess.com"]
[Date "2024.07.09"]
[Round "10"]
[White "cthake"]
[Black "flaviorcb"]
[Result "1-0"]
[WhiteElo "1859"]
[BlackElo "2177"]
[TimeControl "180+1"]
[EndTime "15:54:01 PDT"]
[Termination "cthake won on time"]

1. e4 c5 2. Nf3 g6 3. d4 cxd4 4. Nxd4 Nc6 5. Nxc6 bxc6 6. Qd4 Nf6 7. e5 Nd5 8. e6 Nf6 9. exf7+ Kxf7 10. Nc3 Bg7 11.
Bc4+ d5 12. Bb3 e5 13. Qh4 h6 14. O-O Be6 15. Qa4 Qb6 16. Bd2 Rhf8 17. Rad1 Kg8 18. h3 Rae8 19. Rde1 Bf7 20. Qh4 Qd4 21. Qxd4 exd4 22. Na4 Ne4 23. Bc1 g5 24. a3 Kh8 25.
g3 Bg6 26. Kg2 Be5 27. h4 gxh4 28. Bxh6 Rg8 29. Rh1 Bh7 30. Rxh4 Bg7 31. Reh1 Bxh6 32. Rxh6 Rg7 33. Ba2 Rf8 34. f3 Nf6 35. g4 Kg8 36. Nc5 1-0

[Event "Late-Titled-Tuesday-Blitz-July-09-2024"]
[Site "Chess.com"]
[Date "2024.07.09"]
[Round "10"]
[White "stregachess"]
[Black "dodorox"]
[Result "1-0"]
[WhiteElo "2099"]
[BlackElo "2170"]
[TimeControl "180+1"]
[EndTime "15:54:03 PDT"]
[Termination "stregachess won on time"]

1. d4 Nf6 2. Nf3 d5 3. Bf4 c5 4.
c3 Nc6 5. e3 Qb6 6. b3 Bf5 7.
Bd3 Bxd3 8. Qxd3 e6 9. O-O Rc8 10. Nbd2 Nh5 11. Bg3 Nxg3 12. hxg3 Bd6 13. a4 h6 14.
Rfc1 O-O 15. dxc5 Bxc5 16. b4 Be7 17. e4 dxe4 18. Qxe4 Bf6 19. Nc4 Qc7 20. b5 Ne7 21. Nce5 Nd5 22. c4 Ne7 23. Rab1 Rfd8 24. Ng4 Bg5 25.
Nxg5 hxg5 26. Qe3 Qc5 27. Qf3 b6 28. Ne3 Ng6 29. Qb7 Rc7 30. Qf3 Rd4 31. Rd1 Ne5 32.
Qa8+ Kh7 33. Rxd4 Qxd4 34. Qb8 Qc5 35. Rd1 Qe7 36. Rd8 Kg6 37. Rh8 Rb7 38. Qg8 Kf6 39.
Qh7 Ng6 40. Rg8 Qc5 41. Qxg7+ Ke7 42. Rh8 1-0

[Event "Late-Titled-Tuesday-Blitz-July-09-2024"]
[Site "Chess.com"]
[Date "2024.07.09"]
[Round "10"]
[White "bancsoo"]
[Black "mishanick"]
[Result "0-1"]
[WhiteElo "2854"]
[BlackElo "3087"]
[TimeControl "180+1"]
[EndTime "15:54:04 PDT"]
[Termination "mishanick won on time"]

1. d4 e6 2. Nf3 d5 3. g3 Nf6 4.
Bg2 Be7 5. O-O O-O 6. b3 b6 7.
c4 Bb7 8. Nc3 Nbd7 9. Bb2 c5 10.
Ne1 Rc8 11. cxd5 exd5 12. Nd3 cxd4 13. Nb5 Ba6 14. Nxd4 Nc5 15. Nf4 Nce4 16. Rc1 Bc5 17. Rc2 Re8 18. Nd3 Bd6 19. Rxc8 Qxc8 20. Qa1 Nc5 21. Rc1 Qd7 22. Ne1 Nfe4 23. Nef3 f6 24. Rd1 h5 25. a4 Qg4 26. b4 Nd7 27. b5 Bb7 28. Nh4 Bc5 29. f3 Qg5 30. fxe4 Ne5 31.
Bc1 Qg4 32. Kh1 dxe4 33. Bf4 Rd8 34. Ndf5 Re8 35. h3 Qxe2 36. Bxe5 Rxe5 37. Rd8+ Bf8 38. Qa3 Qd1+ 39. Kh2 Qxd8 0-1

[Event "Late-Titled-Tuesday-Blitz-July-09-2024"]
[Site "Chess.com"]
[Date "2024.07.09"]
[Round "10"]
[White "jbking07"]
[Black "c63_amg"]
[Result "1/2-1/2"]
[WhiteElo "2494"]
[BlackElo "2770"]
[TimeControl "180+1"]
[EndTime "15:54:05 PDT"]
[Termination "Game drawn by repetition"]

1. e4 c5 2. Nf3 d6 3. d4 cxd4 4. Nxd4 Nf6 5. Nc3 a6 6. Qf3 e5 7. Nf5 g6 8. Nh6 Bg7 9. h3 Be6 10. g4 Nbd7 11. Be3 Rc8 12. Bd3 Qe7 13. O-O-O Rxc3 14. bxc3 d5 15. g5 Nxe4 16. Bxe4 dxe4 17. Qxe4 Bxh6 18.
gxh6 O-O 19. Qxb7 Rb8 20. Rxd7 Qa3+ 21. Kd2 Qf8 22. Rb1 Rxb7 23. Rdxb7 f5 24. Rb8 Bc8 25.
Bg5 f4 26. R1b7 Bxb7 27. Rxf8+ Kxf8 28. Bf6 Bd5 29. Bxe5 Bxa2 30. Bxf4 Bc4 31. h4 Ke7 32. Ke3 Kd7 33. Kd4 Bf1 34. Ke5 a5 35. Kf6 a4 36.
Bc1 Bc4 37. Kg7 Ke6 38. Kxh7 Kf7 39. Kh8 Ba2 40. Ba3 Bc4 41. f4 Ba2 42. Bc5 Bc4 43. Ba3 Ba2 44. Bb2 Be6 45. Ba1 Bc4 46. Bb2 Bd5 47. Bc1 Bc4 48. Be3 a3 49. Bc1 a2 50.
Bb2 Bd5 51. Ba1 Bc4 52. h7 Kf8 53. Bb2 Kf7 54. Ba1 Kf8 55. Bb2 Kf7 56. Ba1 1/2-1/2

[Event "Late-Titled-Tuesday-Blitz-July-09-2024"]
[Site "Chess.com"]
[Date "2024.07.09"]
[Round "10"]
[White "Richardmaster"]
[Black "Vladimir_2020"]
[Result "0-1"]
[WhiteElo "2542"]
[BlackElo "2782"]
[TimeControl "180+1"]
[EndTime "15:54:06 PDT"]
[Termination "Vladimir_2020 won by checkmate"]

1. e4 c5 2. Nf3 e6 3. d4 cxd4 4. Nxd4 a6 5. Bd3 Qc7 6. O-O Nf6 7. Qe2 d6 8. c4 Be7 9. b3 O-O 10. Bb2 Nbd7 11. Nc3 b6 12. Rae1 Bb7 13. Kh1 Rfe8 14. f4 e5 15. Nf5 Bf8 16. Nd5 Bxd5 17. exd5 g6 18. fxe5 Nxe5 19. Nd4 Bg7 20. Bb1 Qd7 21. h3 Rac8 22. Qf2 b5 23. Nc6 bxc4 24. bxc4 Nh5 25. Nxe5 dxe5 26. Rc1 f5 27. Rfd1 e4 28. Bxg7 Kxg7 29.
c5 f4 30. Qd4+ Kh6 31. Bxe4 Rxe4 32. Qd2 Rce8 33. c6 Qd6 34. c7 Rc8 35. Qc2 Re7 36. Qc6 Qxc6 37. Rxc6 Rexc7 38. Rxa6 Rc1 39. Rxc1 Rxc1+ 40. Kh2 Ng3 41. Rxg6+ hxg6 42. d6 Rh1# 0-1

[Event "Late-Titled-Tuesday-Blitz-July-09-2024"]
[Site "Chess.com"]
[Date "2024.07.09"]
[Round "10"]
[White "HouseOfDurin"]
[Black "Slovineanu"]
[Result "1-0"]
[WhiteElo "2329"]
[BlackElo "2508"]
[TimeControl "180+1"]
[EndTime "15:54:06 PDT"]
[Termination "HouseOfDurin won on time"]

1. d4 Nf6 2. Bg5 e6 3. e4 d5 4. Bxf6 Qxf6 5. e5 Qd8 6. Qg4 c5 7. c3 Qb6 8. Nd2 Qxb2 9. Rb1 Qxc3 10. Nf3 cxd4 11. Bb5+ Bd7 12. O-O Nc6 13. Rfc1 Qa5 14. Bxc6 Bxc6 15. Nb3 Qxa2 16. Nbxd4 h5 17. Qg5 Qa3 18.
Nxc6 bxc6 19. Rxc6 Qe7 20. Qc1 Qd8 21. Rb7 Be7 22.
Rcc7 O-O 23. Rxe7 a5 24. Ng5 a4 25. Nxe6 Qa5 26. Nxf8 Rxf8 27. h3 d4 28. e6 d3 29.
exf7+ Kh7 30. Qe3 d2 31. Rbd7 a3 32. Kh2 a2 33. Qe4+ Kh6 34. Qe3+ Kh7 35. Re5 1-0

[Event "Late-Titled-Tuesday-Blitz-July-09-2024"]
[Site "Chess.com"]
[Date "2024.07.09"]
[Round "10"]
[White "KevinGeorgeMicheal"]
[Black "pinelone"]
[Result "1-0"]
[WhiteElo "2545"]
[BlackElo "2390"]
[TimeControl "180+1"]
[EndTime "15:54:06 PDT"]
[Termination "KevinGeorgeMicheal won on time"]

1. e4 c6 2. d4 d5 3. e5 c5 4. Nf3 Bg4 5. c3 Nc6 6. Bb5 Qa5 7. Qa4 Qxa4 8. Bxa4 Bxf3 9. gxf3 e6 10. Be3 cxd4 11. cxd4 Ne7 12. Nc3 Nf5 13. Ke2 Kd7 14. Rac1 Be7 15.
Kd3 Rhc8 16. a3 Kd8 17. Ne2 Na5 18. Rxc8+ Rxc8 19. Ng3 Nc4 20. Bc1 Nh4 21. f4 g6 22.
Nf1 Nf5 23. Ne3 a6 24. Nxf5 exf5 25. Re1 b5 26. Bb3 Kd7 27. Re2 Ke6 28. Rc2 h6 29. Ba2 Rg8 30. b3 Nxa3 31. Rc6+ Kd7 32. Rxa6 b4 33. Bd2 Rc8 34. Ra4 Rb8 35. Ra7+ Ke6 36. Ra4 Rb7 37. Ra8 g5 38. Rh8 gxf4 39. Rxh6+ Kd7 40.
Bxf4 Ra7 41. Rh7 Ke6 42. h4 Ra8 43. h5 Rg8 44. Rh6+ 1-0

[Event "Late-Titled-Tuesday-Blitz-July-09-2024"]
[Site "Chess.com"]
[Date "2024.07.09"]
[Round "10"]
[White "Nf3c5"]
[Black "Indefatigable11"]
[Result "1-0"]
[WhiteElo "2635"]
[BlackElo "2408"]
[TimeControl "180+1"]
[EndTime "15:54:07 PDT"]
[Termination "Nf3c5 won by checkmate"]

1. Nf3 d5 2. g3 Bg4 3. Bg2 e6 4.
h3 Bxf3 5. Bxf3 Nf6 6. d4 Nbd7 7.
O-O Bd6 8. c4 c6 9. Nc3 O-O 10.
e4 dxe4 11. Nxe4 Nxe4 12. Bxe4 Nf6 13. Bg2 Qc7 14. c5 Be7 15. Bf4 Qd7 16. Be5 Rfd8 17. Qe2 Nd5 18. g4 Bf6 19. Rad1 Bxe5 20. dxe5 Qe7 21. Bxd5 exd5 22. Qe3 Re8 23. Rfe1 Qd7 24. f4 Re7 25. f5 Rae8 26. Re2 Qc7 27. Rde1 b6 28.
b4 bxc5 29. bxc5 Rd7 30. Qg5 h6 31. Qh4 Kh7 32. f6 g6 33. Qf2 Re6 34. h4 Rd8 35. h5 g5 36. Qf5+ Kg8 37. Qd3 Rde8 38. Qd4 Qa5 39. Rf1 Qxa2 40. Rxa2 Rxe5 41. Rxa7 Re4 42. Qd1 Re3 43. Re7 R3xe7 44. fxe7 Rxe7 45. Qd4 Re4 46. Qd1 Kg7 47. Re1 Rf4 48. Kg2 d4 49. Kg3 Kf8 50.
Qe2 Kg7 51. Qe5+ Kg8 52. Qe8+ Kg7 53. Qxc6 d3 54. Qd5 Ra4 55. Qxd3 Rf4 56. Qc3+ Kg8 57.
Re8+ Kh7 58. Rh8# 1-0

[Event "Late-Titled-Tuesday-Blitz-July-09-2024"]
[Site "Chess.com"]
[Date "2024.07.09"]
[Round "10"]
[White "ZakinIlay2306"]
[Black "GAO"]
[Result "0-1"]
[WhiteElo "2318"]
[BlackElo "2441"]
[TimeControl "180+1"]
[EndTime "15:54:08 PDT"]
[Termination "GAO won by checkmate"]

1. e4 c5 2. Nf3 d6 3. Bb5+ Nd7 4. O-O a6 5. Bd3 Ngf6 6. c3 e5 7. Bc2 Be7 8. d4 cxd4 9. cxd4 O-O 10. d5 b5 11. a4 b4 12. Nbd2 Nc5 13. Re1 Bg4 14. h3 Bh5 15. Nb3 Nxb3 16. Bxb3 Bg6 17. Bc2 Rc8 18. Bd3 a5 19. Bd2 Nd7 20. Rc1 Nc5 21. Bc2 Qd7 22. b3 h6 23. Qe2 Bd8 24. g4 Bb6 25. Nh4 Bh7 26. Nf5 Qd8 27. Be3 Qf6 28.
Qf3 Kh8 29. Qg3 Bd8 30. Bxc5 Rxc5 31. Bd3 Bb6 32. Rxc5 Bxc5 33. h4 Bxf5 34. exf5 g5 35. hxg5 hxg5 36. Kg2 Kg7 37. Rh1 Rh8 38. Rxh8 Kxh8 39.
Be4 Kg7 40. Qh3 Qh6 41. f6+ Qxf6 42. Qh7+ Kf8 43. Bf5 Qg7 44. Qh3 Ke7 45. Qd3 Qh6 46. Qb5 Qh4 47. Qd7+ Kf8 48. Qd8+ Kg7 49. f3 Qf2+ 50.
Kh3 Qf1+ 51. Kh2 Bg1+ 52. Kg3 Qf2+ 53. Kh3 Qh2# 0-1

[Event "Late-Titled-Tuesday-Blitz-July-09-2024"]
[Site "Chess.com"]
[Date "2024.07.09"]
[Round "10"]
[White "TheMagician"]
[Black "Burgsvik"]
[Result "1-0"]
[WhiteElo "2110"]
[BlackElo "2256"]
[TimeControl "180+1"]
[EndTime "15:54:09 PDT"]
[Termination "TheMagician won by checkmate"]

1. e4 c5 2. Nf3 Nc6 3. c3 e5 4.
d4 cxd4 5. cxd4 Bb4+ 6. Bd2 exd4 7. Bxb4 Nxb4 8. Nxd4 Qb6 9. Nf5 g6 10. Nd6+ Kf8 11. Nc3 Nc2+ 12. Qxc2 Qxd6 13. Bc4 Ne7 14. O-O a6 15. Rad1 Qe5 16. Qb3 f6 17. f4 Qc5+ 18.
Kh1 b5 19. Be2 d6 20. Bf3 Rb8 21. Nd5 Be6 22. f5 Bxd5 23. exd5 Nxf5 24. Be4 Qc4 25. Qf3 Rg8 26. Bxf5 gxf5 27. Qxf5 Rg6 28. Qe6 Kg7 29. Qxd6 Rf8 30. Rf2 Qxa2 31. Re1 Rf7 32. h3 a5 33. Rfe2 a4 34. Re7 Rxe7 35. Rxe7+ Kh6 36. Qf4+ Rg5 37. Qxf6+ Rg6 38. Qf4+ Rg5 39. Re6+ Kh5 40. g4+ Kh4 41. Rh6+ Rh5 42. Rxh5# 1-0

[Event "Late-Titled-Tuesday-Blitz-July-09-2024"]
[Site "Chess.com"]
[Date "2024.07.09"]
[Round "10"]
[White "zacachess"]
[Black "Korchmar_Vasiliy"]
[Result "0-1"]
[WhiteElo "2488"]
[BlackElo "2609"]
[TimeControl "180+1"]
[EndTime "15:54:10 PDT"]
[Termination "Korchmar_Vasiliy won on time"]

1. e4 c5 2. Nf3 Nc6 3. d4 cxd4 4.
Nxd4 Nf6 5. Nc3 e5 6. Ndb5 d6 7. Bg5 a6 8. Na3 b5 9. Nd5 Be7 10. Bxf6 Bxf6 11. c4 b4 12. Nc2 O-O 13. h4 Rb8 14. b3 Be6 15. g3 a5 16. Bh3 Bxd5 17.
cxd5 Nd4 18. O-O Nb5 19. Qd3 g6 20. a3 bxa3 21. Nxa3 Nd4 22. Rab1 Bg7 23. Nc2 Nb5 24. Rfc1 Bh6 25. Rf1 Qb6 26. Ne3 Qd4 27. Qxd4 Nxd4 28. Nc4 Rb4 29. Nxa5 Nf3+ 30. Kg2 Nd2 31. Nc6 Rb7 32.
b4 Nxf1 33. Kxf1 f5 34. exf5 gxf5 35. b5 f4 36. Be6+ Kh8 37. Kg2 e4 38. Na5 Rg7 39. g4 f3+ 40. Kf1 Bd2 41. Rd1 Bxa5 0-1

[Event "Late-Titled-Tuesday-Blitz-July-09-2024"]
[Site "Chess.com"]
[Date "2024.07.09"]
[Round "10"]
[White "RantomOpening"]
[Black "ArchibaldCerveza29"]
[Result "1-0"]
[WhiteElo "2572"]
[BlackElo "2391"]
[TimeControl "180+1"]
[EndTime "15:54:11 PDT"]
[Termination "RantomOpening won on time"]

1. e4 e5 2. Nf3 Nf6 3. Nxe5 d6 4.
Nf3 Nxe4 5. c3 d5 6. d4 Bd6 7. Be2 O-O 8. O-O Bf5 9. c4 c6 10.
Nc3 Nxc3 11. bxc3 dxc4 12. Bxc4 Nd7 13. Bd3 Bxd3 14. Qxd3 b5 15. c4 b4 16. c5 Bc7 17.
Bg5 Qb8 18. Qa6 Qb5 19. Qxb5 cxb5 20. d5 Nxc5 21. Be7 Rfc8 22. Bxc5 Bxh2+ 23. Kxh2 Rxc5 24. d6 Rd8 25. Rfd1 Rc6 26. Rab1 a5 27. a3 bxa3 28.
Rxb5 Ra6 29. Rd3 h6 30. Rxa3 Rdxd6 31. Rbxa5 Rxa5 32. Rxa5 Kh7 33. Ra7 Kg6 34. Ne5+ Kf6 35. Nxf7 Rd5 36. Kg3 Rh5 37. f3 Rd5 38. Rb7 h5 39.
Nh8 Rd8 40. Rb6+ Kf5 41. Ng6 Rd4 42. Nh4+ Ke5 43. Rg6 Rd7 44. Rg5+ Kf6 45. Rxh5 g5 46. Rh6+ Ke5 47. Ng6+ Kf5 48. Nf8 Rf7 49. Ne6 Rd7 50. Nc5 Rd5 51. Ne4 Rd8 52. Rf6+ Ke5 53. Rf7 Rg8 54.
Kf2 g4 55. Ra7 gxf3 56. gxf3 Rb8 57. Re7+ Kf4 58. Rf7+ Ke5 59. Ng3 Rb2+ 60. Ne2 Rb3 61. Ra7 Rd3 62. Ra5+ Kf6 63. Nf4 Rb3 64. Kg3 Rb1 65.
Nd5+ Ke6 66. f4 Rg1+ 67. Kf3 Rf1+ 68. Ke2 Rh1 69. f5+ Kxf5 70. Ne3+ Ke6 71. Kd3 Rh3 72. Ra6+ Ke5 73. Ra8 Rh1 74. Re8+ Kd6 75. Ke4 Rh4+ 76. Kd3 Rh3 77. Re4 Kd7 78. Kd4 Rh1 79. Rg4 Ra1 80.
Rg7+ Kd6 81. Nc4+ Ke6 82. Rg6+ Kf5 83. Rg8 Rd1+ 84. Kc5 Rc1 85. Re8 Rd1 86. Ne3+ 1-0